Description

Pool F, Ling,ravager,roach)

Build Order

Get SALT Encoding   

  12  0:00  Drone  
  13  0:14  Overlord  
  13  0:17  Drone  
  14  0:32  Drone x2  
  16  0:37  Drone  
  17  0:47  Drone, Extractor  
  17  0:52  Spawning Pool  
  16  0:57  Drone  
  17  1:08  Drone  
  18  1:27  Drone  
  18  1:31  Hatchery  
  18  1:34  Drone  
  18  1:38  Queen  
  21  1:41  Zergling x2  
  22  1:50  Metabolic Boost  
  22  2:02  Overlord  
  22  2:22  Drone x2, Hatchery  
  23  2:32  Roach Warren  
  22  2:38  Zergling x4  
  24  2:50  Overlord  
  24  2:58  Drone  
  25  3:11  Roach x4  
  25  3:12  Roach  
  35  3:17  Roach  
  37  3:21  Roach  
  39  3:28  Roach  
  39  3:30  Roach  
  42  3:35  Roach  
  42  3:40  Overlord  
  44  3:45  Zergling x2  
  44  3:47  Zergling x2  
  46  3:50  Zergling x2  
  46  3:53  Zergling x2  
  48  3:56  Zergling x2  
  48  4:02  Zergling x4  
  51  4:05  Zergling x2  
  52  4:13  Ravager  
  52  4:14  Zergling x4  
  52  4:16  Zergling x2  
  56  4:19  Ravager  
  56  4:22  Zergling x2  
  54  4:42  Zergling x2  
  54  4:43  Zergling x4  
  49  4:48  Zergling x2  
  49  4:52  Ravager  
  50  4:53  Zergling x2  
  47  5:01  Zergling x16  
  47  5:04  Zergling x2  
  49  5:13  Ravager  
  49  5:15  Zergling x2  
  49  5:18  Zergling x2  
  51  5:23  Drone x3  
  51  5:26  Drone  
  53  5:32  Drone  
  53  5:34  Drone  
  55  5:37  Drone  
  55  5:45  Drone  
  50  5:50  Drone x2  
  50  5:55  Drone x2  
  53  6:02  Spore Crawler  
  52  6:05  Spore Crawler, Overlord  
  52  6:07  Roach x2  
  52  6:11  Roach  
  57  6:19  Overlord  
  57  6:25  Ravager, Drone x3  
  59  6:26  Drone x2  
  59  6:27  Drone  
  59  6:29  Drone  
  65  6:36  Drone x2  
  65  6:37  Drone  
  65  6:38  Drone  
  65  6:39  Drone  
  65  6:42  Drone  
  64  6:47  Drone  
  64  6:48  Drone  
  64  6:53  Overlord  
  66  6:55  Lair  
  66  6:59  Spore Crawler  
  66  7:01  Overlord  
  65  7:04  Overlord  
  64  7:13  Drone  
  65  7:18  Queen  
  65  7:19  Queen  
  65  7:20  Drone x4  
  73  7:23  Drone x2  
  73  7:24  Drone x2  
  77  7:31  Drone x2  
  77  7:32  Drone  
  77  7:36  Drone  
  81  7:37  Evolution Chamber  
  81  7:40  Drone  
  81  7:45  Extractor  
  81  7:46  Drone  
  81  7:47  Extractor  
  81  7:48  Extractor  
  81  7:49  Drone  
  80  7:52  Overseer x2  
  80  7:53  Overlord x2  
  80  8:07  Overlord  
  80  8:08  Overlord x2  
  80  8:09  Drone  
  80  8:12  Roach x4  
  89  8:14  Overlord  
  89  8:15  Roach x2  
  92  8:24  Roach  
  93  8:30  Hatchery  
  93  8:32  Roach x4  
  98  8:36  Overlord  
  98  8:37  Roach x4  
  107  8:41  Zergling x8  
  107  8:42  Zergling x2  
  109  8:52  Roach x3  
  116  9:02  Zergling x2  
  116  9:03  Zergling x4  
  119  9:10  Zergling x12  
  119  9:11  Zergling x6  
  119  9:13  Ravager x3  
  119  9:15  Zergling x6  
Spawning Tool Build Advisor. Get it on Overwolf

Analysis

Pool F, Ling,ravager,roach)

Go to:

Details

  • Created by: DarkHeartz
  • Published on: Nov 15, 2016
  • Modified on: Nov 15, 2016
  • Patch: Pre-3.8.0
Show
View Real Time Build Order
Export as new Build Order

Comments (0)

There are no comments. Be the first!

Create an account to comment!